TOP OF THE 1ST |
Tennessee Smokies batting - Pitching for Biloxi Shuckers : RHP Josh Pelletier
|
Pitching: RHP Josh Pelletier
|
|
Batting: RHB Heef Harted
|
0-0: Foul Ball, location: 2F 0-1: Ball 1-1: Called Strike 1-2: Ball 2-2: Strikes out swinging, 2-3 out at first.
|
Batting: RHB Rich Thurman
|
0-0: Called Strike 0-1: Swinging Strike 0-2: Ball 1-2: Foul Ball, location: 2F 1-2: Foul Ball, location: 2F 1-2: Ground out 5-3 (Groundball, 56S, EV 85.6 MPH)
|
Batting: RHB Bobby Gray
|
0-0: Called Strike 0-1: Foul Ball, location: 2F 0-2: Strikes out swinging
|
Top of the 1st over - 0 runs, 0 hits, 0 errors, 0 left on base; Tennessee 0 - Biloxi 0 |
BOTTOM OF THE 1ST |
Biloxi Shuckers batting - Pitching for Tennessee Smokies : RHP Mark Duffy
|
Pitching: RHP Mark Duffy
|
|
Batting: RHB Nick Cummings
|
0-0: Ball 1-0: Swinging Strike 1-1: Ball 2-1: Foul Ball, location: 2F 2-2: Foul Ball, location: 2F 2-2: Foul Ball, location: 2F 2-2: Reached on error, E5 (Groundball, 5, EV 84.4 MPH)
|
Batting: RHB Josh Nelson
|
0-0: Ball 1-0: Ball 2-0: Called Strike 2-1: Fly out, F7 (Line Drive, 78M, EV 85.6 MPH)
|
Batting: SHB Mike Williams
|
0-0: Fly out, F7 (Flyball, 7LM, EV 81.9 MPH)
|
Batting: RHB Vinny Estrada
|
0-0: Foul Ball, location: 2F 0-1: Foul Ball, location: 2F 0-2: Ball 1-2: Ball 2-2: Ground out 6-3 (Groundball, 6, EV 85.0 MPH)
|
Bottom of the 1st over - 0 runs, 0 hits, 1 error, 1 left on base; Tennessee 0 - Biloxi 0 |
TOP OF THE 2ND |
Tennessee Smokies batting - Pitching for Biloxi Shuckers : RHP Josh Pelletier
|
Batting: RHB Heitaro Tanaka
|
0-0: Ball 1-0: SINGLE (Line Drive, 34, EV 95.6 MPH)
|
Batting: RHB Sam Sours
|
0-0: Ball 1-0: Ball 2-0: Ball 3-0: Called Strike 3-1: Called Strike 3-2: SINGLE (Groundball, 56, EV 86.2 MPH) (infield hit) Heitaro Tanaka to second
|
Batting: RHB Ryan Walker
|
0-0: Ball 1-0: Ball 2-0: Called Strike 2-1: Grounds into double play, 5-4-3 (Groundball, 56, EV 85.0 MPH) Heitaro Tanaka to third
|
Batting: LHB Mark Ingram
|
0-0: Swinging Strike 0-1: Foul Ball, location: 2F 0-2: Ball 1-2: DOUBLE (Line Drive, 7LM, EV 99.4 MPH) Heitaro Tanaka scores
|
Batting: RHB Khalil Stephens
|
0-0: Foul Ball, location: 2F 0-1: Swinging Strike 0-2: Foul Ball, location: 2F 0-2: Foul Ball, location: 2F 0-2: Ball 1-2: Strikes out swinging
|
Top of the 2nd over - 1 run, 3 hits, 0 errors, 1 left on base; Tennessee 1 - Biloxi 0 |
BOTTOM OF THE 2ND |
Biloxi Shuckers batting - Pitching for Tennessee Smokies : RHP Mark Duffy
|
Batting: RHB Steve Byerly
|
0-0: Swinging Strike 0-1: Ball 1-1: Swinging Strike 1-2: Ground out U3 (Groundball, 3, EV 93.8 MPH)
|
Batting: SHB Robert Sayer
|
0-0: DOUBLE (Line Drive, 89D, EV 103.8 MPH)
|
Batting: RHB Skyler Goss
|
0-0: Ball 1-0: Swinging Strike 1-1: Swinging Strike 1-2: 2-RUN HOME RUN (Flyball, 89XD, EV 108.8 MPH), Distance : 424 ft
|
Batting: RHB Jonathan Sarles
|
0-0: Foul Ball, location: 2F 0-1: Foul Ball, location: 2F 0-2: Fly out, F8 (Flyball, 8LD, EV 103.1 MPH)
|
Batting: RHB Dustin Hartman
|
0-0: Ground out 5-3 (Groundball, 56, EV 88.8 MPH)
|
Bottom of the 2nd over - 2 runs, 2 hits, 0 errors, 0 left on base; Tennessee 1 - Biloxi 2 |
TOP OF THE 3RD |
Tennessee Smokies batting - Pitching for Biloxi Shuckers : RHP Josh Pelletier
|
Batting: RHB Dylan Burke
|
0-0: Ball 1-0: Swinging Strike 1-1: Fly out, F5 (Line Drive, 5, EV 67.5 MPH)
|
Batting: RHB Heef Harted
|
0-0: Called Strike 0-1: Fly out, F9 (Flyball, 9, EV 88.8 MPH)
|
Batting: RHB Rich Thurman
|
0-0: Called Strike 0-1: Swinging Strike 0-2: Strikes out swinging
|
Top of the 3rd over - 0 runs, 0 hits, 0 errors, 0 left on base; Tennessee 1 - Biloxi 2 |
BOTTOM OF THE 3RD |
Biloxi Shuckers batting - Pitching for Tennessee Smokies : RHP Mark Duffy
|
Batting: RHB Nick Cummings
|
0-0: Called Strike 0-1: SINGLE (Groundball, 6M, EV 101.9 MPH)
|
Batting: RHB Josh Nelson
|
0-0: Called Strike Nick Cummings steals 2nd base 0-1: Ball 1-1: Ball 2-1: Called Strike 2-2: Ground out 5-3 (Groundball, 56, EV 84.4 MPH)
|
Batting: SHB Mike Williams
|
0-0: Called Strike Nick Cummings steals 3rd base 0-1: Ball 1-1: Called Strike 1-2: Ball 2-2: Ball 3-2: Fly out, F7 (Line Drive, 7, EV 100.6 MPH)
|
Batting: RHB Vinny Estrada
|
0-0: Fly out, F7 (Flyball, 7D, EV 93.8 MPH)
|
Bottom of the 3rd over - 0 runs, 1 hit, 0 errors, 1 left on base; Tennessee 1 - Biloxi 2 |
TOP OF THE 4TH |
Tennessee Smokies batting - Pitching for Biloxi Shuckers : RHP Josh Pelletier
|
Batting: RHB Bobby Gray
|
0-0: Called Strike 0-1: Foul Ball, location: 2F 0-2: Ball 1-2: Ball 2-2: Fly out, F4 (Popup, 3S, EV 76.2 MPH)
|
Batting: RHB Heitaro Tanaka
|
0-0: Reached on error, E6 (Groundball, 56, EV 103.1 MPH)
|
Batting: RHB Sam Sours
|
0-0: Called Strike 0-1: Foul Ball, location: 2F 0-2: Ball 1-2: Ball 2-2: Ball 3-2: Fly out, F7 (Flyball, 78D, EV 83.8 MPH)
|
Batting: RHB Ryan Walker
|
0-0: Called Strike 0-1: Ball 1-1: Ground out 4-3 (Groundball, 34, EV 102.5 MPH)
|
Top of the 4th over - 0 runs, 0 hits, 1 error, 1 left on base; Tennessee 1 - Biloxi 2 |
BOTTOM OF THE 4TH |
Biloxi Shuckers batting - Pitching for Tennessee Smokies : RHP Mark Duffy
|
Batting: RHB Steve Byerly
|
0-0: Called Strike 0-1: Fly out, F9 (Line Drive, 89S, EV 90.6 MPH)
|
Batting: SHB Robert Sayer
|
0-0: Ball 1-0: Ground out 5-3 (Groundball, 56, EV 83.8 MPH)
|
Batting: RHB Skyler Goss
|
0-0: SINGLE (Line Drive, 4D, EV 96.9 MPH)
|
Batting: RHB Jonathan Sarles
|
0-0: Called Strike 0-1: Reached on error, E5 (Groundball, 56, EV 98.1 MPH) Skyler Goss to second
|
Batting: RHB Dustin Hartman
|
0-0: Ball 1-0: Foul Ball, location: 2F 1-1: Fly out, F5 (Line Drive, 5L, EV 69.4 MPH)
|
Bottom of the 4th over - 0 runs, 1 hit, 1 error, 2 left on base; Tennessee 1 - Biloxi 2 |
TOP OF THE 5TH |
Tennessee Smokies batting - Pitching for Biloxi Shuckers : RHP Josh Pelletier
|
Batting: LHB Mark Ingram
|
0-0: Called Strike 0-1: Ball 1-1: Swinging Strike 1-2: Strikes out swinging
|
Batting: RHB Khalil Stephens
|
0-0: Ball 1-0: Foul Ball, location: 2F 1-1: Ball 2-1: Fly out, F8 (Line Drive, 78M, EV 92.5 MPH)
|
Batting: RHB Dylan Burke
|
0-0: Called Strike 0-1: Ball 1-1: Foul Ball, location: 2F 1-2: Ground out 2-3 (Groundball, 15S, EV 70.0 MPH)
|
Top of the 5th over - 0 runs, 0 hits, 0 errors, 0 left on base; Tennessee 1 - Biloxi 2 |
BOTTOM OF THE 5TH |
Biloxi Shuckers batting - Pitching for Tennessee Smokies : RHP Mark Duffy
|
Batting: RHB Nick Cummings
|
0-0: Called Strike 0-1: Ball 1-1: Ball 2-1: Swinging Strike 2-2: Fly out, F9 (Line Drive, 9, EV 98.1 MPH)
|
Pitching: RHP Bob Gilliam
|
|
Batting: RHB Josh Nelson
|
0-0: Ground out 5-3 (Groundball, 56, EV 83.1 MPH)
|
Batting: SHB Mike Williams
|
0-0: Ball 1-0: Reached on error, E6 (Groundball, 6M, EV 88.8 MPH)
|
Batting: RHB Vinny Estrada
|
0-0: Ball 1-0: Called Strike Mike Williams steals 2nd base 1-1: Foul Ball, location: 2F 1-2: Foul Ball, location: 2F 1-2: Strikes out looking
|
Bottom of the 5th over - 0 runs, 0 hits, 1 error, 1 left on base; Tennessee 1 - Biloxi 2 |
TOP OF THE 6TH |
Tennessee Smokies batting - Pitching for Biloxi Shuckers : RHP Josh Pelletier
|
Batting: RHB Heef Harted
|
0-0: Ball 1-0: Ball 2-0: Swinging Strike 2-1: Foul Ball, location: 2F 2-2: Strikes out swinging
|
Batting: RHB Rich Thurman
|
0-0: Ball 1-0: Foul Ball, location: 2F 1-1: Foul Ball, location: 2F 1-2: Strikes out swinging
|
Batting: RHB Bobby Gray
|
0-0: Ground out 6-3 (Groundball, 6, EV 78.1 MPH)
|
Top of the 6th over - 0 runs, 0 hits, 0 errors, 0 left on base; Tennessee 1 - Biloxi 2 |
BOTTOM OF THE 6TH |
Biloxi Shuckers batting - Pitching for Tennessee Smokies : RHP Bob Gilliam
|
Batting: RHB Steve Byerly
|
0-0: Ball 1-0: Called Strike 1-1: Fly out, F8 (Flyball, 8RXD, EV 104.4 MPH)
|
Batting: SHB Robert Sayer
|
0-0: Ball 1-0: Foul Ball, location: 2F 1-1: Ball 2-1: Swinging Strike 2-2: Ball 3-2: SINGLE (Groundball, 34S, EV 73.1 MPH) (infield hit)
|
Batting: RHB Skyler Goss
|
0-0: Ball Robert Sayer steals 2nd, throwing error, E2 Robert Sayer to third 1-0: Called Strike 1-1: Ball 2-1: Foul Ball, location: 2F 2-2: Foul Ball, location: 2F 2-2: Ball 3-2: Foul Ball, location: 2F 3-2: Base on Balls
|
Batting: RHB Jonathan Sarles
|
0-0: SINGLE (Groundball, 25, EV 66.2 MPH) (infield hit) Skyler Goss to second
|
Batting: RHB Dustin Hartman
|
0-0: Ball 1-0: Swinging Strike 1-1: Called Strike 1-2: Foul Ball, location: 2F 1-2: Strikes out swinging
|
Batting: RHB Nick Cummings
|
0-0: Ball 1-0: Foul Ball, location: 2F 1-1: Ball 2-1: Foul Ball, location: 2F 2-2: Fielders Choice at 2nd, 5-4 (Groundball, 56, EV 83.8 MPH)
|
Bottom of the 6th over - 0 runs, 2 hits, 1 error, 3 left on base; Tennessee 1 - Biloxi 2 |
TOP OF THE 7TH |
Tennessee Smokies batting - Pitching for Biloxi Shuckers : RHP Josh Pelletier
|
Batting: RHB Heitaro Tanaka
|
0-0: Ball 1-0: Foul Ball, location: 2F 1-1: Called Strike 1-2: Foul Ball, location: 2F 1-2: Strikes out swinging
|
Batting: RHB Sam Sours
|
0-0: Ball 1-0: Fly out, F7 (Flyball, 78M, EV 90.6 MPH)
|
Batting: RHB Ryan Walker
|
0-0: Ball 1-0: Ball 2-0: Ball 3-0: Called Strike 3-1: SINGLE (Groundball, 56S, EV 66.2 MPH) (infield hit)
|
Pitching: LHP Trevor Sharp
|
|
Batting: LHB Mark Ingram
|
0-0: Ball 1-0: Ground out 4-3 (Groundball, 34S, EV 83.1 MPH)
|
Top of the 7th over - 0 runs, 1 hit, 0 errors, 1 left on base; Tennessee 1 - Biloxi 2 |
BOTTOM OF THE 7TH |
Biloxi Shuckers batting - Pitching for Tennessee Smokies : RHP Bob Gilliam
|
Pitching: LHP Colin Scott
|
|
Batting: RHB Josh Nelson
|
0-0: Called Strike 0-1: Swinging Strike 0-2: Foul Ball, location: 2F 0-2: Ball 1-2: Strikes out swinging
|
Batting: SHB Mike Williams
|
0-0: Ball 1-0: Foul Ball, location: 2F 1-1: Ball 2-1: Called Strike 2-2: Fly out, F4 (Line Drive, 4, EV 63.8 MPH)
|
Batting: RHB Vinny Estrada
|
0-0: Swinging Strike 0-1: Ball 1-1: Foul Ball, location: 2F 1-2: Ball 2-2: DOUBLE (Flyball, 7D, EV 96.2 MPH)
|
Batting: RHB Steve Byerly
|
0-0: Called Strike 0-1: Ground out 6-3 (Groundball, 6, EV 86.9 MPH)
|
Bottom of the 7th over - 0 runs, 1 hit, 0 errors, 1 left on base; Tennessee 1 - Biloxi 2 |
TOP OF THE 8TH |
Tennessee Smokies batting - Pitching for Biloxi Shuckers : LHP Trevor Sharp
|
Batting: RHB Khalil Stephens
|
0-0: Ball 1-0: Ball 2-0: Called Strike 2-1: Foul Ball, location: 2F 2-2: Ball 3-2: Ground out 5-3 (Groundball, 5L, EV 100.6 MPH)
|
Batting: RHB Dylan Burke
|
0-0: Swinging Strike 0-1: Ball 1-1: Ball 2-1: Foul Ball, location: 2F 2-2: Strikes out swinging
|
Batting: RHB Heef Harted
|
0-0: Called Strike 0-1: Called Strike 0-2: Ball 1-2: Strikes out looking
|
Top of the 8th over - 0 runs, 0 hits, 0 errors, 0 left on base; Tennessee 1 - Biloxi 2 |
BOTTOM OF THE 8TH |
Biloxi Shuckers batting - Pitching for Tennessee Smokies : LHP Colin Scott
|
Pitching: RHP Josh Deyo
|
|
Batting: SHB Robert Sayer
|
0-0: Ball 1-0: Called Strike 1-1: Ball 2-1: Foul Ball, location: 2F 2-2: Strikes out swinging
|
Batting: RHB Skyler Goss
|
0-0: Ball 1-0: Ball 2-0: Called Strike 2-1: Foul Ball, location: 2F 2-2: Strikes out swinging
|
Batting: RHB Jonathan Sarles
|
0-0: Foul Ball, location: 2F 0-1: Fly out, F7 (Line Drive, 78M, EV 88.8 MPH)
|
Bottom of the 8th over - 0 runs, 0 hits, 0 errors, 0 left on base; Tennessee 1 - Biloxi 2 |
TOP OF THE 9TH |
Tennessee Smokies batting - Pitching for Biloxi Shuckers : LHP Trevor Sharp
|
Pitching: RHP Jim Strickland
|
|
Batting: RHB Rich Thurman
|
0-0: Swinging Strike 0-1: SINGLE (Groundball, 34D, EV 105.0 MPH)
|
Batting: RHB Bobby Gray
|
0-0: Ball 1-0: Reached on error, E6 (Groundball, 56, EV 87.5 MPH) Rich Thurman to second
|
Batting: RHB Heitaro Tanaka
|
0-0: Swinging Strike 0-1: Swinging Strike 0-2: Ball 1-2: Foul Ball, location: 2F 1-2: Strikes out looking
|
Batting: RHB Sam Sours
|
0-0: Ball 1-0: Swinging Strike 1-1: Ball 2-1: Ball 3-1: Foul Ball, location: 2F 3-2: Foul Ball, location: 2F 3-2: Foul Ball, location: 2F 3-2: Base on Balls Rich Thurman to third Bobby Gray to second
|
Batting: RHB Ryan Walker
|
0-0: Hit by Pitch Rich Thurman scores Bobby Gray to third Sam Sours to second
|
Batting: LHB Mark Ingram
|
0-0: Ball 1-0: Ball Wild Pitch! Bobby Gray scores Sam Sours to third Ryan Walker to second 2-0: Intentional Walk
|
Batting: RHB Khalil Stephens
|
0-0: Called Strike 0-1: Ball 1-1: Called Strike 1-2: Foul Ball, location: 2F 1-2: Ball 2-2: Foul Ball, location: 2F 2-2: Foul Ball, location: 2F 2-2: Strikes out swinging
|
Batting: RHB Dylan Burke
|
0-0: SINGLE (Line Drive, 6M, EV 101.9 MPH) Sam Sours scores Ryan Walker to third Mark Ingram to second Runner from 3rd tries for Home, SAFE, throw by CF to home
|
Pitching: RHP Zachery Waff
|
|
Batting: RHB Heef Harted
|
0-0: Ball 1-0: Called Strike 1-1: Ball 2-1: Foul Ball, location: 2F 2-2: Ball 3-2: Foul Ball, location: 2F 3-2: Foul Ball, location: 2F 3-2: Foul Ball, location: 2F 3-2: Foul Ball, location: 2F 3-2: Strikes out swinging
|
Top of the 9th over - 4 runs, 2 hits, 1 error, 2 left on base; Tennessee 5 - Biloxi 2 |
BOTTOM OF THE 9TH |
Biloxi Shuckers batting - Pitching for Tennessee Smokies : RHP Josh Deyo
|
Batting: RHB Dustin Hartman
|
0-0: Swinging Strike 0-1: SINGLE (Line Drive, 89S, EV 95.0 MPH)
|
Batting: RHB Nick Cummings
|
0-0: Foul Ball, location: 2F 0-1: Ball 1-1: Reached on error, E8 (Flyball, 8RD, EV 78.1 MPH) Dustin Hartman to third
|
Batting: RHB Josh Nelson
|
0-0: Swinging Strike 0-1: Ball 1-1: Swinging Strike 1-2: Foul Ball, location: 2F 1-2: Strikes out swinging
|
Batting: SHB Mike Williams
|
0-0: Ball 1-0: Fly out, F7 (Flyball, 7S, EV 90.6 MPH)
|
Batting: RHB Vinny Estrada
|
0-0: Called Strike 0-1: Ball 1-1: Foul Ball, location: 2F 1-2: Ball 2-2: Ball 3-2: Base on Balls
|
Batting: RHB Steve Byerly
|
0-0: Ball 1-0: Foul Ball, location: 2F 1-1: Ball 2-1: Foul Ball, location: 2F 2-2: Ball 3-2: DOUBLE (Groundball, 3L, EV 103.8 MPH) Dustin Hartman scores Nick Cummings scores Vinny Estrada to third Vinny Estrada scores
|
Pitching: LHP Mike Alexander
|
|
Batting: SHB Robert Sayer
|
0-0: Foul Ball, location: 2F 0-1: Ball 1-1: Ball 2-1: Foul Ball, location: 2F 2-2: Foul Ball, location: 2F 2-2: Ball 3-2: Base on Balls
|
Batting: RHB Skyler Goss
|
0-0: Called Strike 0-1: Called Strike 0-2: SINGLE (Line Drive, 34, EV 95.6 MPH) Steve Byerly to third Robert Sayer to second Runner from 3rd tries for Home, SAFE, throw by RF to home
|
Bottom of the 9th over - 4 runs, 3 hits, 1 error, 2 left on base; Tennessee 5 - Biloxi 6 |
|